TOP OF THE 1ST |
Vanderbilt University Commodores batting - Pitching for University of South Carolina Gamecocks : RHP Juan Lazo
|
Pitching: RHP Juan Lazo
|
|
Batting: RHB Jose Ramos
|
0-0: Ball 1-0: Ground out 6-3 (Groundball, 56, EV 84.4 MPH)
|
Batting: SHB D.J. Davis
|
0-0: SOLO HOME RUN (Flyball, 89XD, EV 101.2 MPH), Distance : 393 ft
|
Batting: LHB Tokito Ishizaki
|
0-0: Foul Ball, location: 2F 0-1: Ball 1-1: Ball 2-1: Foul Ball, location: 2F 2-2: DOUBLE (Line Drive, 3D, EV 101.9 MPH)
|
Batting: RHB Paul Johnson
|
0-0: Called Strike 0-1: Ball 1-1: Called Strike 1-2: Ball 2-2: Ball 3-2: Base on Balls
|
Batting: RHB Edgar Fernandez
|
0-0: Ball 1-0: Foul Ball, location: 2F 1-1: Foul Ball, location: 2F 1-2: Strikes out swinging
|
Batting: RHB Min Tann
|
0-0: Ball 1-0: Swinging Strike Passed Ball! Tokito Ishizaki to third Paul Johnson to second 1-1: Ball 2-1: Ground out 5-3 (Groundball, 56, EV 76.2 MPH)
|
Top of the 1st over - 1 run, 2 hits, 0 errors, 2 left on base; Vanderbilt University 1 - University of South Carolina 0 |
BOTTOM OF THE 1ST |
University of South Carolina Gamecocks batting - Pitching for Vanderbilt University Commodores : LHP Norm Franklin
|
Pitching: LHP Norm Franklin
|
|
Batting: LHB Chris McNay
|
0-0: Ball 1-0: Foul Ball, location: 2F 1-1: Ball 2-1: Ball 3-1: Called Strike 3-2: Strikes out swinging
|
Batting: RHB Brian Passalacqua
|
0-0: Ground out 6-3 (Groundball, 6, EV 87.5 MPH)
|
Batting: RHB Justin Kurutz
|
0-0: Called Strike 0-1: Ball 1-1: Ball 2-1: Called Strike 2-2: Ball 3-2: Strikes out looking
|
Bottom of the 1st over - 0 runs, 0 hits, 0 errors, 0 left on base; Vanderbilt University 1 - University of South Carolina 0 |
TOP OF THE 2ND |
Vanderbilt University Commodores batting - Pitching for University of South Carolina Gamecocks : RHP Juan Lazo
|
Batting: RHB Pakiana Kileona
|
0-0: Ball 1-0: Ground out 6-3 (Groundball, 6, EV 83.8 MPH)
|
Batting: RHB Ruben Reyna
|
0-0: Ball 1-0: SINGLE (Flyball, 9LM, EV 98.1 MPH)
|
Batting: RHB Sam Kerwin
|
0-0: Fly out, F8 (Flyball, 8LM, EV 83.8 MPH)
|
Batting: RHB Jose Ramos
|
0-0: Fielders Choice at 2nd, 6-4 (Groundball, 6, EV 83.8 MPH)
|
Top of the 2nd over - 0 runs, 1 hit, 0 errors, 1 left on base; Vanderbilt University 1 - University of South Carolina 0 |
BOTTOM OF THE 2ND |
University of South Carolina Gamecocks batting - Pitching for Vanderbilt University Commodores : LHP Norm Franklin
|
Batting: RHB Lance Neldon
|
0-0: Ball 1-0: Fly out, F8 (Flyball, 8RD, EV 90.6 MPH)
|
Batting: LHB Bert Webster
|
0-0: Called Strike 0-1: Called Strike 0-2: Foul Ball, location: 2F 0-2: Ball 1-2: Strikes out swinging
|
Batting: LHB Corey Lomas
|
0-0: Called Strike 0-1: Swinging Strike 0-2: Ball 1-2: Strikes out swinging
|
Bottom of the 2nd over - 0 runs, 0 hits, 0 errors, 0 left on base; Vanderbilt University 1 - University of South Carolina 0 |
TOP OF THE 3RD |
Vanderbilt University Commodores batting - Pitching for University of South Carolina Gamecocks : RHP Juan Lazo
|
Batting: SHB D.J. Davis
|
0-0: Ball 1-0: Ball 2-0: Swinging Strike 2-1: Fly out, F6 (Line Drive, 6, EV 71.2 MPH)
|
Batting: LHB Tokito Ishizaki
|
0-0: Ball 1-0: Foul Ball, location: 2F 1-1: Ground out 2-3 (Groundball, 2R, EV 60.6 MPH)
|
Batting: RHB Paul Johnson
|
0-0: Ball 1-0: Called Strike 1-1: Ball 2-1: Foul Ball, location: 2F 2-2: Ground out 4-3 (Groundball, 4, EV 83.8 MPH)
|
Top of the 3rd over - 0 runs, 0 hits, 0 errors, 0 left on base; Vanderbilt University 1 - University of South Carolina 0 |
BOTTOM OF THE 3RD |
University of South Carolina Gamecocks batting - Pitching for Vanderbilt University Commodores : LHP Norm Franklin
|
Batting: LHB Jörg Young
|
0-0: Called Strike 0-1: Ball 1-1: Ball 2-1: Called Strike 2-2: Hit by Pitch
|
Batting: RHB Ben Turner
|
0-0: Ground out 4-3 (Groundball, 4MD, EV 100.6 MPH) Jörg Young to second
|
Batting: RHB Josh Shirkey
|
0-0: Called Strike 0-1: Foul Ball, location: 2F 0-2: Strikes out swinging
|
Batting: LHB Chris McNay
|
0-0: Called Strike 0-1: Foul Ball, location: 2F 0-2: Ball Wild Pitch! Jörg Young to third 1-2: SINGLE (Line Drive, 56D, EV 96.9 MPH) Jörg Young scores
|
Batting: RHB Brian Passalacqua
|
0-0: Called Strike 0-1: Called Strike 0-2: Fly out, F3 (Popup, 3, EV 66.2 MPH)
|
Bottom of the 3rd over - 1 run, 1 hit, 0 errors, 1 left on base; Vanderbilt University 1 - University of South Carolina 1 |
TOP OF THE 4TH |
Vanderbilt University Commodores batting - Pitching for University of South Carolina Gamecocks : RHP Juan Lazo
|
Batting: RHB Edgar Fernandez
|
0-0: Swinging Strike 0-1: Hit by Pitch
|
Batting: RHB Min Tann
|
0-0: Called Strike 0-1: Swinging Strike 0-2: Ball 1-2: Foul Ball, location: 2F 1-2: Ball 2-2: Strikes out swinging
|
Batting: RHB Pakiana Kileona
|
0-0: Called Strike 0-1: Ball 1-1: Foul Ball, location: 2F 1-2: Fly out, F7 (Flyball, 78D, EV 78.1 MPH)
|
Batting: RHB Ruben Reyna
|
0-0: Ball 1-0: Called Strike 1-1: Fielders Choice at 2nd, 5-4 (Groundball, 56, EV 98.1 MPH)
|
Top of the 4th over - 0 runs, 0 hits, 0 errors, 1 left on base; Vanderbilt University 1 - University of South Carolina 1 |
BOTTOM OF THE 4TH |
University of South Carolina Gamecocks batting - Pitching for Vanderbilt University Commodores : LHP Norm Franklin
|
Batting: RHB Justin Kurutz
|
0-0: Ball 1-0: Foul Ball, location: 2F 1-1: Ball 2-1: Ball 3-1: Base on Balls
|
Batting: RHB Lance Neldon
|
0-0: Ball 1-0: SINGLE (Line Drive, 8RS, EV 100.6 MPH) Justin Kurutz to second Runner from 2nd tries for 3rd, SAFE, throw by CF made to third
|
Batting: LHB Bert Webster
|
0-0: Fly out, F9 (Flyball, 89S, EV 93.1 MPH)
|
Batting: LHB Corey Lomas
|
0-0: Ball 1-0: Ball 2-0: Ball 3-0: Called Strike 3-1: Base on Balls Lance Neldon to second
|
Batting: LHB Jörg Young
|
0-0: Ball 1-0: Ball 2-0: Ball 3-0: Called Strike 3-1: Swinging Strike 3-2: Strikes out swinging
|
Batting: RHB Ben Turner
|
0-0: Called Strike 0-1: Ball 1-1: Ball 2-1: Called Strike 2-2: Ball 3-2: Fly out, F4 (Popup, 34S, EV 83.8 MPH)
|
Bottom of the 4th over - 0 runs, 1 hit, 0 errors, 3 left on base; Vanderbilt University 1 - University of South Carolina 1 |
TOP OF THE 5TH |
Vanderbilt University Commodores batting - Pitching for University of South Carolina Gamecocks : RHP Juan Lazo
|
Batting: RHB Sam Kerwin
|
0-0: Ball 1-0: Ball 2-0: Ball 3-0: Foul Ball, location: 2F 3-1: Foul Ball, location: 2F 3-2: Fly out, F9 (Flyball, 9D, EV 93.8 MPH)
|
Batting: RHB Jose Ramos
|
0-0: Fly out, F9 (Line Drive, 9S, EV 92.5 MPH)
|
Batting: SHB D.J. Davis
|
0-0: Ball 1-0: Called Strike 1-1: Ball 2-1: Ball 3-1: Foul Ball, location: 2F 3-2: Foul Ball, location: 2F 3-2: Strikes out looking
|
Top of the 5th over - 0 runs, 0 hits, 0 errors, 0 left on base; Vanderbilt University 1 - University of South Carolina 1 |
BOTTOM OF THE 5TH |
University of South Carolina Gamecocks batting - Pitching for Vanderbilt University Commodores : LHP Norm Franklin
|
Batting: RHB Josh Shirkey
|
0-0: Ball 1-0: Ball 2-0: Called Strike 2-1: Ball 3-1: Base on Balls
|
Batting: LHB Chris McNay
|
0-0: SINGLE (Line Drive, 9S, EV 110.0 MPH) Josh Shirkey to second
|
Batting: RHB Brian Passalacqua
|
0-0: Called Strike 0-1: SINGLE (Line Drive, 8RS, EV 108.8 MPH) Josh Shirkey to third Chris McNay to second Runner from 3rd tries for Home, SAFE, throw by CF to trailing runner, SAFE at third!
|
Batting: RHB Justin Kurutz
|
0-0: Swinging Strike 0-1: Swinging Strike 0-2: Ball 1-2: Ball 2-2: Strikes out looking
|
Batting: RHB Lance Neldon
|
0-0: Ball 1-0: Ball 2-0: Called Strike 2-1: Fielders Choice at 2nd, 2-4 (Groundball, 15S, EV 71.2 MPH)
|
Batting: LHB Bert Webster
|
0-0: Swinging Strike 0-1: Ground out 4-3 (Groundball, 34, EV 87.5 MPH)
|
Bottom of the 5th over - 1 run, 2 hits, 0 errors, 2 left on base; Vanderbilt University 1 - University of South Carolina 2 |
TOP OF THE 6TH |
Vanderbilt University Commodores batting - Pitching for University of South Carolina Gamecocks : RHP Juan Lazo
|
Batting: LHB Tokito Ishizaki
|
0-0: Ball 1-0: Foul Ball, location: 2F 1-1: Called Strike 1-2: Ball 2-2: Strikes out looking
|
Batting: RHB Paul Johnson
|
0-0: Ball 1-0: Ball 2-0: Foul Ball, location: 2F 2-1: Ground out 5-3 (Groundball, 56S, EV 85.0 MPH)
|
Batting: RHB Edgar Fernandez
|
0-0: Ball 1-0: Ball 2-0: Ball 3-0: SOLO HOME RUN (Flyball, 7D, EV 105.6 MPH), Distance : 430 ft
|
Batting: RHB Min Tann
|
0-0: TRIPLE (Flyball, 7LD, EV 112.5 MPH)
|
Batting: RHB Pakiana Kileona
|
0-0: Ball 1-0: Foul Ball, location: 2F 1-1: Ball 2-1: Ball 3-1: Base on Balls
|
Batting: RHB Ruben Reyna
|
0-0: Called Strike 0-1: Ground out U3 (Groundball, 3, EV 81.9 MPH)
|
Top of the 6th over - 1 run, 2 hits, 0 errors, 2 left on base; Vanderbilt University 2 - University of South Carolina 2 |
BOTTOM OF THE 6TH |
University of South Carolina Gamecocks batting - Pitching for Vanderbilt University Commodores : LHP Norm Franklin
|
Batting: LHB Corey Lomas
|
0-0: Ball 1-0: Foul Ball, location: 2F 1-1: Foul Ball, location: 2F 1-2: Ball 2-2: Ball 3-2: Foul Ball, location: 2F 3-2: Strikes out swinging
|
Batting: LHB Jörg Young
|
0-0: Ball 1-0: Ground out U3 (Groundball, 3L, EV 91.2 MPH)
|
Batting: RHB Ben Turner
|
0-0: Ball 1-0: Swinging Strike 1-1: Called Strike 1-2: SINGLE (Groundball, 6MS, EV 75.6 MPH) (infield hit)
|
Batting: RHB Josh Shirkey
|
0-0: Ball 1-0: Ball 2-0: Called Strike 2-1: Ball 3-1: Foul Ball, location: 2F 3-2: Strikes out looking
|
Bottom of the 6th over - 0 runs, 1 hit, 0 errors, 1 left on base; Vanderbilt University 2 - University of South Carolina 2 |
TOP OF THE 7TH |
Vanderbilt University Commodores batting - Pitching for University of South Carolina Gamecocks : RHP Juan Lazo
|
Batting: RHB Sam Kerwin
|
0-0: Called Strike 0-1: Ball 1-1: Ball 2-1: Foul Ball, location: 2F 2-2: Strikes out swinging
|
Batting: RHB Jose Ramos
|
0-0: Foul Ball, location: 2F 0-1: Swinging Strike 0-2: Strikes out swinging
|
Batting: SHB D.J. Davis
|
0-0: Ball 1-0: Ball 2-0: Ball 3-0: Called Strike 3-1: Base on Balls
|
Pitching: LHP Mijalko Brkic
|
|
Pinch Hitting: RHB Takashi Takeuchi
|
0-0: Ball 1-0: Ball 2-0: Ball 3-0: Called Strike 3-1: SINGLE (Groundball, 6MD, EV 109.4 MPH) D.J. Davis to second Runner from 2nd tries for 3rd, SAFE, no throw by CF
|
Pitching: RHP Trent Lipinski
|
|
Batting: RHB Paul Johnson
|
0-0: SINGLE (Groundball, 34D, EV 107.5 MPH) D.J. Davis scores Takashi Takeuchi to second Runner from 2nd tries for 3rd, SAFE, throw by RF made to third
|
Batting: RHB Edgar Fernandez
|
0-0: Ball 1-0: Called Strike 1-1: Foul Ball, location: 2F 1-2: Strikes out swinging
|
Top of the 7th over - 1 run, 2 hits, 0 errors, 2 left on base; Vanderbilt University 3 - University of South Carolina 2 |
BOTTOM OF THE 7TH |
University of South Carolina Gamecocks batting - Pitching for Vanderbilt University Commodores : LHP Norm Franklin
|
Pitching: RHP Jesus Ortega
|
|
Now in RF: Josh Jett
|
|
Batting: LHB Chris McNay
|
0-0: Called Strike 0-1: Called Strike 0-2: Strikes out swinging
|
Batting: RHB Brian Passalacqua
|
0-0: SINGLE (Line Drive, 3D, EV 96.9 MPH)
|
Batting: RHB Justin Kurutz
|
0-0: Ball 1-0: Foul Ball, location: 2F 1-1: Called Strike 1-2: Strikes out looking
|
Pinch Hitting: SHB Keith Mihas
|
0-0: Ball 1-0: Foul Ball, location: 2F 1-1: Called Strike 1-2: Strikes out swinging
|
Bottom of the 7th over - 0 runs, 1 hit, 0 errors, 1 left on base; Vanderbilt University 3 - University of South Carolina 2 |
TOP OF THE 8TH |
Vanderbilt University Commodores batting - Pitching for University of South Carolina Gamecocks : RHP Trent Lipinski
|
Now at 1B: Keith Mihas
|
|
Batting: RHB Min Tann
|
0-0: Ball 1-0: Called Strike 1-1: Ball 2-1: Fly out, F8 (Flyball, 8RD, EV 87.5 MPH)
|
Batting: RHB Pakiana Kileona
|
0-0: Ball 1-0: Called Strike 1-1: Swinging Strike 1-2: Strikes out swinging
|
Batting: RHB Ruben Reyna
|
0-0: Called Strike 0-1: SINGLE (Groundball, 3D, EV 93.8 MPH)
|
Batting: RHB Sam Kerwin
|
0-0: Called Strike 0-1: Foul Ball, location: 2F 0-2: Ball 1-2: Strikes out swinging
|
Top of the 8th over - 0 runs, 1 hit, 0 errors, 1 left on base; Vanderbilt University 3 - University of South Carolina 2 |
BOTTOM OF THE 8TH |
University of South Carolina Gamecocks batting - Pitching for Vanderbilt University Commodores : RHP Jesus Ortega
|
Batting: LHB Bert Webster
|
0-0: Ball 1-0: Ball 2-0: Fly out, F9 (Line Drive, 9S, EV 92.5 MPH)
|
Batting: LHB Corey Lomas
|
0-0: Ball 1-0: Ball 2-0: Ball 3-0: Base on Balls
|
Pitching: RHP Craig Wayne
|
|
Batting: LHB Jörg Young
|
0-0: Ball 1-0: Ball 2-0: Called Strike 2-1: Ball 3-1: Base on Balls Corey Lomas to second
|
Batting: RHB Ben Turner
|
0-0: Ball 1-0: Ball 2-0: Called Strike 2-1: Swinging Strike 2-2: Foul Ball, location: 2F 2-2: Ball Passed Ball! Corey Lomas to third Jörg Young to second 3-2: Ground out 6-3 (Groundball, 56, EV 88.1 MPH) Corey Lomas scores
|
Batting: RHB Steve Gibson
|
0-0: Swinging Strike 0-1: Swinging Strike Passed Ball! Jörg Young to third 0-2: Ball 1-2: Strikes out swinging
|
Bottom of the 8th over - 1 run, 0 hits, 0 errors, 1 left on base; Vanderbilt University 3 - University of South Carolina 3 |
TOP OF THE 9TH |
Vanderbilt University Commodores batting - Pitching for University of South Carolina Gamecocks : RHP Trent Lipinski
|
Pitching: RHP Nelson Knopp
|
|
Batting: RHB Jose Ramos
|
0-0: SINGLE (Line Drive, 78S, EV 99.4 MPH)
|
Batting: SHB D.J. Davis
|
0-0: Sac Bunt to 23 - play at first, batter safe! Jose Ramos to second
|
Batting: LHB Josh Jett
|
0-0: Ball 1-0: Ball 2-0: Called Strike 2-1: SINGLE (Line Drive, 8RS, EV 106.9 MPH) Jose Ramos to third D.J. Davis to second
|
Batting: RHB Paul Johnson
|
0-0: Foul Ball, location: 2F 0-1: SINGLE (Flyball, 89S, EV 98.1 MPH) Jose Ramos scores D.J. Davis to third Josh Jett to second
|
Batting: RHB Edgar Fernandez
|
0-0: Called Strike 0-1: Ball 1-1: Foul Ball, location: 2F 1-2: Strikes out swinging
|
Batting: RHB Min Tann
|
0-0: Foul Ball, location: 2F 0-1: Called Strike 0-2: Foul Ball, location: 2F 0-2: Fly out, F9 (Flyball, 9LM, EV 96.2 MPH) Runner from 3rd tags up, SCORES, no throw by RF
|
Batting: RHB Pakiana Kileona
|
0-0: Swinging Strike 0-1: DOUBLE (Groundball, 3L, EV 105.0 MPH) Josh Jett scores Paul Johnson to third Runner from 3rd tries for Home, SAFE, throw by RF to home
|
Pitching: LHP David Saltzman
|
|
Batting: RHB Ruben Reyna
|
0-0: Ground out 2-3 (Groundball, 15S, EV 70.6 MPH)
|
Top of the 9th over - 4 runs, 5 hits, 0 errors, 1 left on base; Vanderbilt University 7 - University of South Carolina 3 |
BOTTOM OF THE 9TH |
University of South Carolina Gamecocks batting - Pitching for Vanderbilt University Commodores : RHP Craig Wayne
|
Pitching: LHP Ethan Roberson
|
|
Batting: LHB Chris McNay
|
0-0: Ball 1-0: Foul Ball, location: 2F 1-1: Foul Ball, location: 2F 1-2: Foul Ball, location: 2F 1-2: Ball 2-2: Foul Ball, location: 2F 2-2: Foul Ball, location: 2F 2-2: Ball 3-2: SINGLE (Flyball, 9LM, EV 90.6 MPH)
|
Batting: RHB Brian Passalacqua
|
0-0: Fielders Choice at 2nd, 6-4 (Groundball, 6, EV 83.8 MPH)
|
Batting: RHB Justin Kurutz
|
0-0: Called Strike 0-1: Ball 1-1: Called Strike 1-2: Grounds into double play, 4-6-3 (Groundball, 34, EV 102.5 MPH)
|
Bottom of the 9th over - 0 runs, 1 hit, 0 errors, 0 left on base; Vanderbilt University 7 - University of South Carolina 3 |
|